 Dungeon Crawl Stone Soup version 0.14-a0-1837-g7fb8695 (webtiles) character file.

119636 Mitsuki the Eclecticist (level 16, -18/76 HPs)
             Began as a Deep Elf Conjurer on Jan 9, 2014.
             Was the Champion of Vehumet.
             Demolished by a skeletal warrior
             ... wielding a +0,+0 glaive
              (28 damage)
             ... on Level 15 of the Dungeon on Jan 10, 2014.
             The game lasted 07:52:59 (41830 turns).

Mitsuki the Eclecticist (Deep Elf Conjurer)        Turns: 41830, Time: 07:53:00

HP -18/76        AC  7     Str  8      XL: 16   Next: 22%
MP   0/41        EV 14     Int 29      God: Vehumet [******]
Gold 2490        SH  9     Dex 15      Spells: 13 memorised,  7 levels left

rFire  + . .     SeeInvis +     (no weapon)
rCold  + . .     Clarity  .     y - +2 robe {rC+ rF+}
rNeg   + . .     Conserve .     k - +1 dwarf buckler
rPois  +         rCorr    .     w - +0 cap
rElec  .         rRot     .     j - +1 cloak
SustAb . .       Spirit   .     (no gloves)
rMut   .         Warding  .     u - +1 pair of boots
Gourm  +         Stasis   .     K - cursed amulet of the gourmand
                                c - ring "Loalir" {rN+ Str+1 Int+5}
                                h - ring of see invisible

@: invisible, very slightly contaminated, delayed fireball, very resistant to
hostile enchantments, quite stealthy
A: horns 2, berserk 1, deformed body, magic resistance 1, poison resistance,
screaming 2, weak 1
a: Renounce Religion, Release Delayed Fireball


You were on level 15 of the Dungeon.
You worshipped Vehumet.
Vehumet was exalted by your worship.
You were not hungry.

You visited 4 branches of the dungeon, and saw 28 of its levels.
You also visited: Bailey and Volcano.

You collected 3431 gold pieces.
You spent 941 gold pieces at shops.

Inventory:

Armour
 j - a +1 cloak (worn)
 k - a +1 dwarven buckler (worn)
 u - a +1 pair of boots (worn)
 w - a +0 cap (worn)
 y - a +2 robe of resistance (worn)
Magical devices
 e - a wand of invisibility (2)
 l - a wand of paralysis (2)
 m - a wand of polymorph (10)
 v - a wand of heal wounds (1)
 x - a wand of digging (11)
Comestibles
 b - 7 bread rations
 g - 6 meat rations
 E - 5 royal jellies
Scrolls
 f - 10 scrolls of remove curse
 i - 9 scrolls of teleportation
 q - 2 scrolls of fear
 r - 2 scrolls of magic mapping
 s - 10 scrolls of identify
 t - 2 scrolls of amnesia
 B - a scroll of fog
Jewellery
 c - the ring "Loalir" (right hand) {rN+ Str+1 Int+5}
   (You bought it in a shop on level 3 of the Orcish Mines)

   [ring of positive energy]

   It affects your strength (+1).
   It affects your intelligence (+5).
 h - a ring of see invisible (left hand)
 n - an uncursed ring of invisibility
 o - an uncursed amulet of resist corrosion
 K - a cursed amulet of the gourmand (around neck)
Potions
 a - a potion of flight
 p - 10 potions of curing
Books
 d - Roxanne's Incunabulum of Transmutation and Clay
   (You took it off Roxanne on level 14 of the Dungeon)

   Spells                             Type                      Level
   Stoneskin                          Transmutation/Earth          2
   Spider Form                        Transmutation/Poison         3
   Passwall                           Transmutation/Earth          3
   Alistair's Intoxication            Transmutation/Poison         4
   Statue Form                        Transmutation/Earth          6


   Skills:
 - Level 5.0 Dodging
 - Level 5.0 Stealth
 - Level 1.0 Shields
 + Level 18.7 Spellcasting
 + Level 16.6 Conjurations
 - Level 9.7 Charms
 - Level 16.9 Fire Magic
 - Level 10.1 Evocations


You had 7 spell levels left.
You knew the following spells:

 Your Spells              Type           Power        Failure   Level  Hunger
a - Magic Dart            Conj           ####         0%          1    None
b - Iskenderun's Battles  Conj/Chrm      #######.     1%          4    None
c - Inner Flame           Hex/Fire       ######..     1%          3    None
d - Bolt of Fire          Conj/Fire      #######...   1%          6    #......
e - Orb of Destruction    Conj           #######...   1%          7    ####...
f - Throw Flame           Conj/Fire      ######       0%          2    None
g - Conjure Flame         Conj/Fire      #######.     0%          3    None
i - Regeneration          Chrm/Necr      ######....   1%          3    None
j - Repel Missiles        Chrm/Air       ######....   1%          2    None
k - Shroud of Golubria    Chrm/Tloc      ######....   1%          2    None
l - Fireball              Conj/Fire      #######...   1%          5    None
m - Delayed Fireball      Conj/Fire      N/A          1%          7    ####...
n - Venom Bolt            Conj/Pois      ######....   1%          5    None


Dungeon Overview and Level Annotations

Branches:
Dungeon (15/16)            Temple (1/1) D:7             Orc (4/4) D:11
    Elf (0/3) Orc:3          Lair (8/8) D:11         Shoals (0/5) Lair:5
  Snake (0/5) Lair:3        Slime (0/6) Lair:8       Vaults (0/5) D:14

Altars:
Ashenzari
Cheibriados
Elyvilon
Fedhas
Kikubaaqudgha
Makhleb
Nemelex Xobeh
Okawaru
Sif Muna
Trog
Vehumet
Xom
Yredelemnul
Zin
Beogh

Shops:
D:4 =   D:14 !   Orc:3 *   Orc:4 }:(?

Annotations:
D:12 1 exclusion


Innate Abilities, Weirdness & Mutations

You have a pair of horns on your head.
You tend to lose your temper in combat.
Armour fits poorly on your strangely shaped body.
You are resistant to hostile enchantments.
Your system is resistant to poisons.
You sometimes yell uncontrollably.
You are weak. (Str -2)


Message History

Aiming: Magic Dart
Press: ? - help, Shift-Dir - straight line, f/p - skeletal warrior
Aim: a skeletal warrior, wielding a bow (heavily damaged)
The magic dart hits the skeletal warrior.
The skeletal warrior is heavily damaged.
Your battlesphere fires!
The barrage of energy hits the skeletal warrior.
The skeletal warrior is heavily damaged.
The skeletal warrior unwields an uncursed bow.
The skeletal warrior wields an uncursed glaive.
The skeletal warrior hits you with an uncursed glaive!
* * * LOW HITPOINT WARNING * * *
Evoke which item? (* to show all) (? for menu, Esc to quit)
Zapping:
e - a wand of invisibility (3)
Press: ? - help, Shift-Dir - straight line, f - you, p - skeletal warrior You fade into invisibility!
You are very lightly contaminated with residual magic.
This wand has 2 charges left.
The skeletal warrior hits you with an uncursed glaive!
You die...

#.#..#..#(......#..#..#z...(.
#....#...ยงยง###.zf..#...(.###.
#...###.....#.....###(....#..
#........#.)#..#.......#..#..
##.......#######...%...######
#........#..#..#..(....#..#
#...###.....#.....###.....#
#....#.....###((...#.....##
#.#..#..#..z@.(.#..#..#.....
#.#######..[.(.(#######......
#.#..#..#(.###((# ..###.
#....#.*....#...... ..)
#...###..#..#..#..## #..#
#........#######.... ###
##.......#..# .#..)..
#...#......# ....###
#...###...###.....


You could see a skeletal warrior.

Vanquished Creatures
  Roxanne (D:14)
  Azrael (D:14)
  4 vault guards (D:14)
  10 hydras
  Harold (D:14)
  Josephine (D:11)
  An ice dragon (Lair:4)
  An ogre mage (Volcano)
  Erica (Lair:2)
  11 death yaks
  10 centaur warriors
  A catoblepas (Lair:5)
  2 orc high priests
  Nergalle (D:12)
  A very ugly thing (D:15)
  A deep troll (D:15)
  7 skeletal warriors
  2 unseen horrors
  12 hill giants
  A giant amoeba (Lair:8)
  4 orc knights
  Joseph (D:9)
  A griffon (Lair:8)
  A wolf spider (D:15)
  4 cyclopes
  5 orc sorcerers
  An octopode (D:14)
  13 elephants
  A spriggan druid (Lair:8)
  8 spiny frogs
  Psyche (Orc:1)
  2 black mambas (Lair:4)
  An efreet (D:13)
  A fire drake (Lair:4)
  4 komodo dragons
  3 hydra zombies
  3 trolls
  15 spriggans (Lair:8)
  A catoblepas zombie (D:15)
  Prince Ribbit (Lair:2)
  4 giant fireflies (Lair:8)
  3 polar bears (D:14)
  A harpy zombie (D:15)
  4 slime creatures (D:13)
  26 blink frogs
  5 two-headed ogres
  A boulder beetle (D:15)
  A hydra skeleton (D:15)
  6 basilisks
  A shadow (D:12)
  A fire dragon skeleton (D:13)
  14 grizzly bears
  4 trapdoor spiders
  2 vampires
  A steam dragon (D:14)
  A hill giant zombie (D:11)
  11 ugly things
  6 vampire mosquitoes
  2 wraiths
  2 hogs (D:14)
  4 sharks
  2 elephant slugs
  4 hill giant skeletons
  2 clay golems (Volcano)
  2 fire elementals (D:14)
  Grum (D:9)
  12 hippogriffs
  A fire bat (Volcano)
  54 yaks
  2 hungry ghosts
  2 mottled dragons
  Edmund (D:4)
  28 wolves
  3 wyverns
  5 porcupines
  A manticore (D:11)
  A necrophage (D:8)
  29 orc warriors
  A naga (Lair:3)
  7 sky beasts
  2 hell hounds (D:14)
  5 black bears
  3 ice beasts
  12 ogres
  2 giant goldfish
  2 phantoms
  2 boring beetles
  The ghost of timbw the Cutter, an average HaWr (D:4)
  14 centaurs
  Duvessa (D:6)
  9 crocodiles
  A brain worm (D:15)
  4 big kobolds
  10 giant slugs
  2 blink frog skeletons
  13 giant frogs
  A yaktaur zombie (D:15)
  4 wargs
  4 cyclops zombies
  A wyvern zombie (D:14)
  17 water moccasins
  A manticore zombie (D:11)
  9 agate snails
  2 cyclops skeletons
  24 killer bees
  2 eyes of draining
  A hippogriff zombie (D:11)
  2 lava fish (Volcano)
  A hippogriff skeleton (D:5)
  5 wights (D:15)
  A yak skeleton (D:10)
  Dowan (D:6)
  15 crimson imps
  13 hounds
  7 electric eels
  A lava snake (Volcano)
  A basilisk zombie (D:10)
  6 goliath beetles
  6 scorpions
  39 orc priests
  9 jellies
  2 quasits
  49 orc wizards
  2 basilisk skeletons
  4 iguanas
  4 big fish (Lair:6)
  8 worker ants
  A shapeshifter simulacrum (D:15)
  9 sheep
  A centaur simulacrum (D:11)
  A mottled dragon zombie (D:11)
  2 ogre zombies
  Ijyb (D:2)
  A big kobold zombie (D:10)
  A mummy (D:13)
  A spectral worker ant (D:10)
  A gnoll (Bailey)
  66 green rats
  47 adders
  11 giant centipedes
  14 orc zombies (Orc:4)
  3 white imps (Lair:4)
  6 worms
  4 giant mites
  A worker ant simulacrum (D:11)
  An adder skeleton (D:4)
  An iguana zombie (D:8)
  2 giant eyeballs
  10 giant geckos
  10 oozes
  193 orcs
  A bat skeleton (D:4)
  3 giant cockroaches
  16 hobgoblins
  22 jackals
  14 quokkas
  4 ball pythons (D:11)
  18 bats
  8 giant newts
  3 giant spores
  19 goblins
  A goblin skeleton (D:5)
  A hobgoblin skeleton (D:6)
  43 kobolds
  A quokka skeleton (D:5)
  17 rats
  A rat skeleton (D:7)
  12 ballistomycetes
  A bush (Lair:8)
  6 fungi
  2 plants (Lair:8)
1305 creatures vanquished.

Vanquished Creatures (others)
  A blink frog (Lair:8)
  An ugly thing (D:13)
  A worm (shapeshifter) (D:13)
  An orc (Orc:2)
  4 giant spores (D:15)
  7 ballistomycetes (D:15)
  A bush (Lair:7)
  25 fungi
  5 plants (Lair:8)
46 creatures vanquished.

Grand Total: 1351 creatures vanquished

Notes
Turn   | Place    | Note
--------------------------------------------------------------
     0 | D:1      | Mitsuki, the Deep Elf Conjurer, began the quest for the Orb.
     0 | D:1      | Reached XP level 1. HP: 10/10 MP: 5/5
    96 | D:1      | Reached skill level 5 in Conjurations
    96 | D:1      | Reached XP level 2. HP: 15/15 MP: 0/8
   186 | D:1      | Found a shattered altar of Ashenzari.
   753 | D:1      | Reached XP level 3. HP: 19/19 MP: 7/10
  1310 | D:2      | Noticed Ijyb
  1321 | D:2      | Killed Ijyb
  1321 | D:2      | Reached skill level 6 in Conjurations
  1434 | D:2      | Reached XP level 4. HP: 24/24 MP: 11/13
  1664 | D:2      | Learned a level 4 spell: Iskenderun's Battlesphere
  1765 | D:2      | Reached skill level 1 in Charms
  2395 | D:3      | Reached XP level 5. HP: 28/28 MP: 13/16
  2625 | D:3      | Found an ancient bone altar of Kikubaaqudgha.
  2834 | D:4      | Reached skill level 1 in Shields
  2836 | D:4      | Noticed timbw's ghost (average HaWr)
  2839 | D:4      | Noticed an ogre
  2845 | D:4      | Killed an ogre
  2845 | D:4      | Reached skill level 7 in Conjurations
  2845 | D:4      | Reached XP level 6. HP: 32/32 MP: 4/18
  2961 | D:4      | Killed timbw's ghost
  3030 | D:4      | Found a bloodstained altar of Trog.
  3218 | D:4      | Noticed a phantom
  3221 | D:4      | Killed a phantom
  3460 | D:4      | Found Jeejuerr's Jewellery Shoppe.
  3520 | D:4      | Noticed Edmund
  3526 | D:4      | Killed Edmund
  3526 | D:4      | Reached skill level 8 in Conjurations
  3526 | D:4      | Reached XP level 7. HP: 36/36 MP: 13/22
  3653 | D:5      | Entered Level 5 of the Dungeon
  3864 | D:5      | Reached skill level 5 in Spellcasting
  3864 | D:5      | Reached skill level 5 in Charms
  4324 | D:5      | Reached XP level 8. HP: 41/41 MP: 20/24
  4380 | D:5      | Reached skill level 9 in Conjurations
  5056 | D:6      | Noticed Duvessa
  5059 | D:6      | Noticed Dowan
  5060 | D:6      | Killed Duvessa
  5064 | D:6      | Killed Dowan
  5881 | D:7      | Reached skill level 5 in Stealth
  5968 | D:7      | Learned a level 3 spell: Inner Flame
  5981 | D:7      | Found a staircase to the Ecumenical Temple.
  6003 | Temple   | Entered the Ecumenical Temple
  6179 | Temple   | Became a worshipper of Vehumet
  6225 | D:7      | Reached skill level 5 in Dodging
  6227 | D:7      | Reached skill level 1 in Fire Magic
  6227 | D:7      | Reached XP level 9. HP: 45/45 MP: 17/28
  7080 | D:8      | Reached skill level 10 in Conjurations
  7312 | D:8      | Acquired Vehumet's first power
  7312 | D:8      | Offered knowledge of Shock by Vehumet.
  7315 | D:8      | Found a flagged portal.
  7329 | Bailey   | Entered a bailey
  7340 | Bailey   | Learned a level 1 spell: Shock
  7388 | Bailey   | Noticed an orc knight
  7393 | Bailey   | Killed an orc knight
  7393 | Bailey   | Reached skill level 5 in Fire Magic
  7508 | Bailey   | Found an iron altar of Okawaru.
  7641 | D:8      | Offered knowledge of Sting by Vehumet.
  7644 | D:8      | Learned a level 1 spell: Sting
  8217 | D:9      | Reached XP level 10. HP: 50/50 MP: 14/30
  8558 | D:9      | Noticed Joseph
  8570 | D:9      | Killed Joseph
  8775 | D:9      | Noticed Grum
  8780 | D:9      | Killed Grum
  8843 | D:9      | Reached skill level 11 in Conjurations
  8848 | D:9      | Found a blossoming altar of Fedhas.
  9368 | D:10     | Entered Level 10 of the Dungeon
  9473 | D:10     | Offered knowledge of Throw Flame by Vehumet.
  9571 | D:10     | Learned a level 2 spell: Throw Flame
  9917 | D:10     | Acquired Vehumet's second power
  9927 | D:10     | Noticed a hill giant
  9989 | D:10     | Killed a hill giant
 10793 | D:10     | Offered knowledge of Conjure Flame by Vehumet.
 10798 | D:10     | Learned a level 3 spell: Conjure Flame
 10830 | D:11     | Noticed Josephine
 10850 | D:11     | Killed Josephine
 10850 | D:11     | Reached XP level 11. HP: 52/54 MP: 21/31
 11067 | D:11     | Found a staircase to the Lair.
 11151 | D:11     | Reached skill level 10 in Fire Magic
 11202 | D:11     | Noticed a skeletal warrior
 11213 | D:11     | Noticed a skeletal warrior
 11233 | Lair:1   | Entered Level 1 of the Lair of Beasts
 11288 | Lair:1   | Reached skill level 1 in Evocations
 11372 | Lair:1   | Acquired Vehumet's third power
 11404 | Lair:1   | Offered knowledge of Lightning Bolt by Vehumet.
 11411 | Lair:1   | Learned a level 5 spell: Lightning Bolt
 11861 | Lair:1   | Reached skill level 5 in Evocations
 12357 | Lair:1   | Noticed a six-headed hydra
 12403 | Lair:1   | Killed a six-headed hydra
 12660 | Lair:2   | Noticed Prince Ribbit
 12705 | Lair:2   | Killed Prince Ribbit
 12945 | Lair:2   | Noticed Erica
 12962 | Lair:2   | Killed Erica
 13491 | Lair:3   | Offered knowledge of Poisonous Cloud by Vehumet.
 13491 | Lair:3   | Reached skill level 10 in Evocations
 13598 | Lair:3   | Found a staircase to the Snake Pit.
 13618 | Lair:3   | Learned a level 3 spell: Regeneration
 13621 | Lair:3   | Learned a level 2 spell: Repel Missiles
 13624 | Lair:3   | Learned a level 2 spell: Shroud of Golubria
 14166 | Lair:3   | Reached XP level 12. HP: 59/59 MP: 16/32
 14993 | Lair:4   | Found a dark tunnel.
 15041 | Volcano  | Entered a volcano
 15336 | Volcano  | Found a bloodstained altar of Trog.
 15336 | Volcano  | Noticed an ogre mage
 15367 | Volcano  | Reached skill level 10 in Spellcasting
 15367 | Volcano  | Reached skill level 12 in Conjurations
 15394 | Volcano  | Killed an ogre mage
 16000 | Lair:4   | Noticed an ice dragon
 16031 | Lair:4   | Killed an ice dragon
 16759 | Lair:4   | Gained mutation: Your mind is acute. (Int +2) [potion of mutation]
 16759 | Lair:4   | Gained mutation: Your system is resistant to poisons. [potion of mutation]
 16759 | Lair:4   | Lost mutation: Your mind is acute. (Int +2) [potion of mutation]
 16839 | Lair:5   | Found a staircase to the Shoals.
 18166 | Lair:6   | Offered knowledge of Fireball by Vehumet.
 18173 | Lair:6   | Learned a level 5 spell: Fireball
 18678 | Lair:6   | Noticed a six-headed hydra
 18776 | Lair:6   | Killed a six-headed hydra
 18976 | Lair:6   | Reached XP level 13. HP: 43/63 MP: 3/35
 19717 | Lair:6   | Got an iridescent morningstar
 19718 | Lair:6   | Identified the cursed +2,-2 morningstar of the Jester {crush, Str-2 Dex+1} (You found it on level 6 of the Lair of Beasts)
 20240 | Lair:6   | Reached skill level 13 in Conjurations
 20891 | Lair:7   | Offered knowledge of Delayed Fireball by Vehumet.
 21291 | Lair:7   | Reached skill level 14 in Fire Magic
 21787 | Lair:7   | Learned a level 7 spell: Delayed Fireball
 21860 | Lair:8   | Entered Level 8 of the Lair of Beasts
 22279 | Lair:8   | Found a staircase to the Slime Pits.
 22341 | Lair:8   | Reached XP level 14. HP: 55/68 MP: 11/37
 23334 | Lair:8   | Reached skill level 15 in Fire Magic
 23819 | Lair:8   | Got an encrusted scale mail
 23830 | Lair:8   | Identified the cursed +0 scale mail of the Little Devil {Str-5 Int+4 Curse} (You found it on level 8 of the Lair of Beasts)
 24935 | D:11     | Gained mutation: You are weak. (Str -2) [mutagenic glow]
 24940 | D:11     | Killed a skeletal warrior
 24940 | D:11     | Killed a skeletal warrior
 25177 | D:11     | Gained mutation: You are resistant to hostile enchantments. [potion of mutation]
 25177 | D:11     | Gained mutation: You are dopey. (Int -2) [potion of mutation]
 25177 | D:11     | Gained mutation: You have a pair of small horns on your head. [potion of mutation]
 25227 | D:11     | Noticed a skeletal warrior
 25242 | D:11     | Killed a skeletal warrior
 25247 | D:11     | Offered knowledge of Venom Bolt by Vehumet.
 25479 | D:11     | Noticed a skeletal warrior
 25509 | D:11     | Killed a skeletal warrior
 25732 | D:11     | Gained mutation: You occasionally shout uncontrollably. [mutagenic meat]
 25965 | D:11     | Reached skill level 16 in Fire Magic
 26162 | D:11     | Found a staircase to the Orcish Mines.
 26304 | D:11     | Learned a level 5 spell: Venom Bolt
 26582 | D:11     | Noticed a hill giant
 26590 | D:11     | Killed a hill giant
 27127 | D:12     | Noticed Nergalle
 27159 | D:12     | Killed Nergalle
 27560 | D:12     | Reached skill level 15 in Spellcasting
 28428 | D:12     | Got a pitted quarterstaff
 28429 | D:12     | Identified the cursed +2,-2 quarterstaff "Dogog" {speed, rPois MR++} (You took it off a kobold on level 12 of the Dungeon)
 29604 | D:13     | Reached XP level 15. HP: 26/72 MP: 25/40
 30792 | D:14     | Noticed Roxanne
 31128 | D:14     | Found Atopucs' Distillery.
 31133 | D:14     | Bought a potion of mutation for 54 gold pieces
 31134 | D:14     | Gained mutation: You sometimes yell uncontrollably. [potion of mutation]
 31134 | D:14     | Gained mutation: Armour fits poorly on your strangely shaped body. [potion of mutation]
 31134 | D:14     | Lost mutation: You are dopey. (Int -2) [potion of mutation]
 31296 | D:14     | Reached skill level 17 in Spellcasting
 31374 | D:14     | Found a gate to the Vaults.
 32026 | Orc:1    | Entered Level 1 of the Orcish Mines
 32026 | Orc:1    | Found a roughly hewn altar of Beogh.
 32059 | Orc:1    | Offered knowledge of Bolt of Fire by Vehumet.
 32154 | D:11     | Learned a level 6 spell: Bolt of Fire
 32365 | Orc:1    | Noticed Psyche
 32371 | Orc:1    | Killed Psyche
 32828 | Orc:1    | Found a roughly hewn altar of Beogh.
 33026 | Orc:2    | Reached skill level 15 in Conjurations
 33360 | Orc:3    | Offered knowledge of Conjure Ball Lightning by Vehumet.
 33515 | Orc:3    | Found Psefor's General Store.
 33569 | Orc:3    | Found a staircase to the Elven Halls.
 34139 | Orc:4    | Entered Level 4 of the Orcish Mines
 34236 | Orc:4    | Paralysed by an orc sorcerer for 2 turns
 34948 | Orc:4    | Found Twei's Magic Scroll Emporium.
 34948 | Orc:4    | Found Wuat Bro's Weapon Emporium.
 34952 | Orc:4    | Found Smugie Tiov's Book Shoppe.
 34952 | Orc:4    | Found Vithrocw's Gadget Shoppe.
 35052 | Orc:4    | Offered knowledge of Orb of Destruction by Vehumet.
 35062 | Orc:4    | Learned a level 7 spell: Orb of Destruction
 36301 | Orc:3    | You fall through a shaft!
 36355 | Orc:3    | Bought the ring "Loalir" {rN+ Str+1 Int+5} for 887 gold pieces
 36616 | Orc:4    | Upgraded the game from 0.14-a0-1817-gb992dfe to 0.14-a0-1837-g7fb8695
 37036 | D:14     | Killed Roxanne
 37103 | D:14     | Identified Roxanne's Incunabulum of Transmutation and Clay (You took it off Roxanne on level 14 of the Dungeon)
 37359 | D:14     | Noticed Azrael
 37366 | D:14     | Killed Azrael
 37534 | D:14     | Noticed Harold
 37538 | D:14     | Killed Harold
 37914 | D:14     | Gained mutation: You tend to lose your temper in combat. [mutagenic meat]
 38556 | D:14     | Gained mutation: You have a pair of horns on your head. [mutagenic meat]
 38715 | D:14     | Got a slimy ring mail
 38716 | D:14     | Identified the +1 ring mail of the Spheres {+Inv +Fly Str-3} (You found it on level 14 of the Dungeon)
 39265 | D:15     | Entered Level 15 of the Dungeon
 39522 | D:15     | Reached skill level 18 in Spellcasting
 39777 | D:15     | Offered knowledge of Lehudib's Crystal Spear by Vehumet.
 39777 | D:15     | Offered knowledge of Chain Lightning by Vehumet.
 39777 | D:15     | Offered knowledge of Tornado by Vehumet.
 40378 | D:15     | Reached XP level 16. HP: 76/76 MP: 23/41
 41830 | D:15     | Demolished by a skeletal warrior

Action                   |  1- 3 |  4- 6 |  7- 9 | 10-12 | 13-15 | 16-18 || total
-------------------------+-------+-------+-------+-------+-------+-------++-------
Melee: Unarmed           |    13 |       |       |     3 |    56 |     1 ||    73
 Cast: Magic Dart        |    81 |   113 |   226 |   606 |   876 |    25 ||  1927
       Iskenderun's Batt |       |    17 |    66 |   191 |   321 |    18 ||   613
       Inner Flame       |       |       |    14 |    32 |    60 |       ||   106
       Sting             |       |       |     2 |    12 |    54 |       ||    68
       Shock             |       |       |     1 |       |       |       ||     1
       Throw Flame       |       |       |       |    32 |   207 |    29 ||   268
       Conjure Flame     |       |       |       |    21 |    84 |    12 ||   117
       Lightning Bolt    |       |       |       |     2 |    16 |       ||    18
       Fireball          |       |       |       |    18 |    80 |     2 ||   100
       Shroud of Golubri |       |       |       |       |    19 |     1 ||    20
       Regeneration      |       |       |       |       |    14 |     3 ||    17
       Delayed Fireball  |       |       |       |       |    10 |       ||    10
       Venom Bolt        |       |       |       |       |    68 |    18 ||    86
       Repel Missiles    |       |       |       |       |    15 |     5 ||    20
       Bolt of Fire      |       |       |       |       |    51 |    22 ||    73
       Orb of Destructio |       |       |       |       |     8 |       ||     8
 Abil: Evoke Invisibilit |       |       |       |     5 |    24 |       ||    29
       Release Delayed F |       |       |       |       |     9 |       ||     9
Evoke: Wand              |       |     2 |     2 |    11 |    10 |     1 ||    26
  Use: Potion            |     3 |     1 |       |    17 |    13 |       ||    34
       Scroll            |     3 |     3 |     6 |    15 |    19 |       ||    46
